[Event "fics rated crazyhouse match"]
[Site "fics, Oklahoma City, OK USA"]
[Date "2000.01.13"]
[White "LSS"]
[WhiteElo "2395"]
[Black "ChessBritiania"]
[BlackElo "2079"]
[TimeControl "180+0"]
[Result "1-0"]

1. e4 Nc6 2. d4 Nf6 3. e5 Nd5 4. Bc4 e6 5. Bxd5 exd5 6. Nc3 
d6 7. Nf3 dxe5 8. Nxe5 Nxe5 9. dxe5 d4 10. Ne4 B@d5 11. N@f6+ gxf6 
12. Nxf6+ Qxf6 13. exf6 Bxg2 14. N@g7+ Kd7 15. Qxd4+ P@d5 16. Q@e8+ Kd6 17. P@c5# 
{ChessBritiania checkmated} 1-0

[Event "fics rated crazyhouse match"]
[Site "fics, Oklahoma City, OK USA"]
[Date "2000.01.13"]
[White "ChessBritiania"]
[WhiteElo "2077"]
[Black "LSS"]
[BlackElo "2397"]
[TimeControl "180+0"]
[Result "0-1"]

1. e4 e6 2. Nc3 Nc6 3. Nf3 Nf6 4. Bb5 Bb4 5. e5 Ng4 6. O-O 
Ngxe5 7. Bxc6 Nxc6 8. Re1 O-O 9. d4 d6 10. Bg5 f6 11. Bh4 B@h5 
12. N@g3 Bxf3 13. Qxf3 Bxc3 14. Qxc3 N@f4 15. B@f3 N@g5 16. B@g4 Nxf3+ 17. Bxf3 
B@d5 18. N@e4 P@f5 19. Qe3 Ng6 20. Bxf6 gxf6 21. Nxf6+ Rxf6 22. Bxd5 exd5 
23. P@e5 Rf8 24. P@h5 f4 25. hxg6 fxe3 26. gxh7+ Kxh7 27. Rxe3 B@f4 28. Rf3 
B@e4 29. P@f5 Bcxf5 30. Nxf5 Rxf5 31. N@f6+ Rxf6 32. exf6 Qxf6 33. B@d3 Bxh2+ 
34. Kh1 Bf4 35. R@h3+ P@h6 36. Rxf4 Qxf4 37. B@g3 Qf5 38. Bxe4 dxe4 39. B@e3 
Qxh3+ 40. gxh3 P@g2+ 41. Kh2 R@h1+ 42. Rxh1 gxh1=Q+ 43. Kxh1 Q@f1+ 44. R@g1 P@g2+ 
45. Kh2 N@f3# 
{ChessBritiania checkmated} 0-1

[Event "fics rated crazyhouse match"]
[Site "fics, Oklahoma City, OK USA"]
[Date "2000.01.13"]
[White "LSS"]
[WhiteElo "2399"]
[Black "ChessBritiania"]
[BlackElo "2075"]
[TimeControl "180+0"]
[Result "0-1"]

1. e4 Nc6 2. d4 Nf6 3. Nc3 e5 4. d5 Nd4 5. Nge2 Bc5 6. Ng3 
d6 7. Bb5+ c6 8. dxc6 bxc6 9. Bc4 P@b5 10. Bxf7+ Kxf7 11. P@d5 B@c4 
12. P@d3 cxd5 13. exd5 Bxd5 14. Nxd5 Nxd5 15. O-O Qf6 16. B@g5 P@e2 17. Nxe2 
Nxe2+ 18. Qxe2 N@d4 19. Qe4 Be6 20. Bxf6 gxf6 21. N@h6+ Ke7 22. Q@g7+ B@f7 
23. P@g5 Rhg8 24. gxf6+ Nxf6 25. Qxa8 Rxg7 26. R@c7+ P@d7 27. P@g5 Nh5 28. P@f6+ 
Nxf6 29. gxf6+ Kxf6 30. N@e4+ Kg6 31. Nxf7 N@h3+ 32. gxh3 Kxf7+ 33. N@g5+ Kg6 
34. Qe8+ P@f7 35. B@g2 P@e2 36. Be3 P@f3 37. Nxf3 Nxf3+ 38. Bxf3 exf1=Q+ 39. Rxf1 
N@f4 40. Bxf4 exf4 41. P@h5+ Kf5+ 42. P@g4+ Ke5 43. c3 Bxf2# 
{LSS forfeits on time} 0-1

[Event "fics rated crazyhouse match"]
[Site "fics, Oklahoma City, OK USA"]
[Date "2000.01.13"]
[White "ChessBritiania"]
[WhiteElo "2089"]
[Black "LSS"]
[BlackElo "2385"]
[TimeControl "180+0"]
[Result "0-1"]

1. e4 e6 2. Nc3 d5 3. Nf3 d4 4. Ne2 Nc6 5. Ng3 Nge7 6. Bb5 
a6 7. Ba4 Ng6 8. d3 Bb4+ 9. Bd2 Bxd2+ 10. Qxd2 b5 11. Bb3 B@a5 
12. c3 dxc3 13. bxc3 b4 14. cxb4 Bxb4 15. P@c3 Bd6 16. P@f5 Nf4 17. fxe6 
fxe6 18. B@f1 Qe7 19. P@e5 Bxe5 20. Nxe5 Nxe5 21. Qxf4 N@g6 22. Qd2 P@f3 
23. B@f4 fxg2 24. Bxg2 P@f3 25. Bh3 Nxf4 26. Qxf4 Nxd3+ 27. Kd1 Nxf4 28. N@e5 
P@e2+ 29. Kc1 B@g5 30. P@e3 Nxh3 31. N@g6 B@a3+ 32. Kc2 Q@b2+ 33. Kd3 hxg6 
34. Nxg6 N@c5+ 35. Kc4 P@b5+ 36. Kd4 Bf6+ 37. e5 Nxb3+ 38. axb3 Qc5+ 39. Ke4 
B@d5+ 40. Kd3 Qcxc3# 
{ChessBritiania checkmated} 0-1

[Event "fics rated crazyhouse match"]
[Site "fics, Oklahoma City, OK USA"]
[Date "2000.01.13"]
[White "LSS"]
[WhiteElo "2387"]
[Black "ChessBritiania"]
[BlackElo "2087"]
[TimeControl "180+0"]
[Result "1-0"]

1. e4 Nc6 2. d4 Nf6 3. e5 Ne4 4. Nc3 d5 5. Nxe4 dxe4 6. Be3 
Bf5 7. Bb5 e6 8. Ne2 Be7 9. O-O O-O 10. N@h5 Bg4 11. Nxg7 Kxg7 
12. P@f6+ Bxf6 13. exf6+ Qxf6 14. Bxc6 N@h3+ 15. Kh1 P@f3 16. Bxe4 fxg2+ 17. Bxg2 
P@f3 18. Rg1 fxg2+ 19. Rxg2 B@f3 20. B@f1 Bxg2+ 21. Bxg2 P@g3 22. B@e5 Qxe5 
23. dxe5 f5 24. P@h6+ Kf7 25. Q@g7# 
{ChessBritiania resigns} 1-0

[Event "fics rated crazyhouse match"]
[Site "fics, Oklahoma City, OK USA"]
[Date "2000.01.13"]
[White "ChessBritiania"]
[WhiteElo "2085"]
[Black "LSS"]
[BlackElo "2389"]
[TimeControl "180+0"]
[Result "1-0"]

1. e4 e6 2. Nc3 d5 3. Nf3 d4 4. Nb5 Nc6 5. c4 a6 6. Nbxd4 
Nxd4 7. Nxd4 Qxd4 8. P@e3 Qxe4 9. d3 Qc6 10. Bd2 Nf6 11. Bc3 N@h4 
12. Bxf6 Nxg2+ 13. Bxg2 Qxg2 14. N@g3 N@f3+ 15. Ke2 gxf6 16. N@e4 P@g7 17. N@h5 
B@g4 18. Nhxf6+ gxf6 19. Nxf6+ Kd8 20. Nxg4 Rg8 21. P@f6 Rxg4 22. P@e7+ Bxe7 
23. fxe7+ Kxe7 24. B@h5 Rg5 25. Bxf3 Qxf3+ 26. Kxf3 B@g4+ 27. Kg2 P@f3+ 28. Kf1 
P@e2+ 29. Ke1 B@b4+ 30. B@c3 Bxc3+ 31. bxc3 exd1=Q+ 32. Kxd1 P@e2+ 33. Kd2 Q@b2+ 
34. B@c2 B@f6 35. P@d4 N@f1+ 36. Nxf1 exf1=N+ 37. Rhxf1 N@a4 38. N@e4 Nxc3 39. Nxc3 
P@b4 40. Ne4 Bxd4 41. exd4 P@c3+ 42. Ke3 
{LSS forfeits on time} 1-0

[Event "fics rated crazyhouse match"]
[Site "fics, Oklahoma City, OK USA"]
[Date "2000.01.13"]
[White "LSS"]
[WhiteElo "2375"]
[Black "ChessBritiania"]
[BlackElo "2099"]
[TimeControl "180+0"]
[Result "1-0"]

1. e4 Nc6 2. d4 Nf6 3. e5 Nd5 4. c4 Nb6 5. Nf3 d6 6. exd6 
exd6 7. Nc3 Bg4 8. Be2 Be7 9. d5 Bxf3 10. Bxf3 Ne5 11. B@a4+ Nxa4 
12. Qxa4+ B@d7 13. P@c6 bxc6 14. dxc6 N@d3+ 15. Kf1 O-O 16. cxd7 Nxf3 17. gxf3 
P@g2+ 18. Kxg2 Bf6 19. P@g3 Bxc3 20. bxc3 Nxc1 21. Raxc1 Qg5 22. P@g4 P@e4 
23. B@e2 B@d3 24. Bxd3 exf3+ 25. Kxf3 N@e5+ 26. Kg2 Qxg4 27. Bxh7+ Kh8 28. B@e4 
B@h3+ 29. Kg1 P@g2 30. N@e3 gxh1=Q+ 31. Bxh1 Nf3+ 32. Bxf3 Qxf3 33. B@h1 P@g2 
34. Bxg2 Bxg2 35. Nxg2 Qxg2+ 36. Kxg2 B@e4+ 37. Bxe4 B@g6 38. B@f3 f5 39. Bd5 
N@g5 40. N@f4 Bh7 41. Bxa8 Nxf3 42. Bxf3 B@e4 43. P@e2 Bxf3+ 44. exf3 B@e5 
45. N@g6+ Bxg6 46. Nxg6+ Kh7 47. Nxf8+ Kg8 48. P@h7+ Kxf8 49. Q@e8# 
{ChessBritiania checkmated} 1-0

[Event "fics rated crazyhouse match"]
[Site "fics, Oklahoma City, OK USA"]
[Date "2000.01.13"]
[White "ChessBritiania"]
[WhiteElo "2096"]
[Black "LSS"]
[BlackElo "2378"]
[TimeControl "180+0"]
[Result "0-1"]

1. e4 e6 2. Nc3 Nc6 3. Nf3 Nf6 4. d4 Bb4 5. Bd3 d5 6. exd5 
exd5 7. Bd2 Bxc3 8. Bxc3 P@e4 9. P@e5 exf3 10. exf6 fxg2 11. Rg1 Qxf6 
12. Rxg2 N@f3+ 13. Kf1 P@h3 14. Rg3 P@g2+ 15. Ke2 Ncxd4+ 16. Bxd4 Nxd4+ 17. Kd2 
N@f3+ 18. Kc1 B@f4+ 19. P@e3 P@d2+ 20. Kb1 Bxg3 21. exd4 R@c1+ 22. Qxc1 dxc1=Q+ 
23. Kxc1 Q@d2+ 24. Kb1 Qd1# 
{ChessBritiania resigns} 0-1

[Event "fics rated crazyhouse match"]
[Site "fics, Oklahoma City, OK USA"]
[Date "2000.01.13"]
[White "LSS"]
[WhiteElo "2381"]
[Black "ChessBritiania"]
[BlackElo "2093"]
[TimeControl "180+0"]
[Result "1-0"]

1. e4 Nc6 2. d4 Nf6 3. e5 Nd5 4. Nc3 Nxc3 5. bxc3 e6 6. Nf3 
d6 7. Bb5 dxe5 8. Nxe5 P@d7 9. Bxc6 dxc6 10. Nxf7 Kxf7 11. N@e5+ Ke7 
12. N@f7 Qd5 13. Nxh8 Qxg2 14. R@f7+ Ke8 15. Qf3 Qxf3 16. Rxf3 N@g2+ 17. Kd1 
B@h5 18. P@f7+ Bxf7 19. Nhxf7 Bd7 20. Ng5 P@e2+ 21. Kxe2 P@f5 
{ChessBritiania resigns} 1-0

[Event "fics rated crazyhouse match"]
[Site "fics, Oklahoma City, OK USA"]
[Date "2000.01.13"]
[White "LSS"]
[WhiteElo "2387"]
[Black "ChessBritiania"]
[BlackElo "2087"]
[TimeControl "180+0"]
[Result "1-0"]

1. e4 Nc6 2. Nc3 Nf6 3. Nf3 e5 4. Bc4 Bc5 5. Bxf7+ Kxf7 6. O-O 
Rf8 7. d3 d6 8. Nd5 Nxd5 9. exd5 Nd4 10. Nxd4 Bxd4 11. P@e6+ Kg8 
12. N@f7 Qe7 13. c3 Bb6 14. N@f5 Qf6 15. Qg4 B@g6 16. N5h6+ gxh6 17. Nxh6+ 
Kg7 18. Bg5 N@e2+ 19. Kh1 N@g3+ 20. hxg3 Nxg3+ 21. Qxg3 Bxe6 22. Bxf6+ Rxf6 
23. dxe6 N@h5 24. N@f5+ Rxf5 25. Nxf5+ Kf6 26. Q@e7+ Kxf5 27. Qgg5# 
{ChessBritiania checkmated} 1-0

[Event "fics rated crazyhouse match"]
[Site "fics, Oklahoma City, OK USA"]
[Date "2000.01.13"]
[White "ChessBritiania"]
[WhiteElo "2085"]
[Black "LSS"]
[BlackElo "2389"]
[TimeControl "180+0"]
[Result "0-1"]

1. e4 e6 2. Nc3 d5 3. Nf3 d4 4. Bb5+ c6 5. Ne2 Bc5 6. c3 
d3 7. Bxd3 Qxd3 8. O-O Qxe4 9. d3 Qd5 10. Nf4 Qd8 11. d4 Bd6 
12. P@e5 Bc7 13. Be3 B@g4 14. Qe2 P@e4 15. Rae1 exf3 16. gxf3 N@h3+ 17. Kh1 
Nxf4 18. Bxf4 N@g6 19. fxg4 Nxf4 20. Qe3 Qd5+ 21. f3 B@g2+ 22. Kg1 Bxf1 
23. Rxf1 Nh3+ 24. Kg2 h5 25. P@f6 gxf6 26. N@g7+ Kd8 27. exf6 Nxf6 28. B@h4 
P@e7 29. P@e5 hxg4 30. exf6 gxf3+ 31. Rxf3 R@g6+ 32. B@g5 exf6 33. P@e4 Nxg5 
34. Bxg5 Rxg5+ 35. Qxg5 Qxg5+ 36. R@g3 B@h3+ 37. Kf2 Q@g2+ 38. Rxg2 Qxg2+ 39. Ke3 
B@d2+ 40. Kd3 P@c4+ 41. Kxc4 b5+ 42. Kb3 P@c4+ 43. Kc2 P@d3+ 44. Kb1 P@c2+ 
45. Ka1 R@b1# 
{ChessBritiania checkmated} 0-1

[Event "fics rated crazyhouse match"]
[Site "fics, Oklahoma City, OK USA"]
[Date "2000.01.13"]
[White "LSS"]
[WhiteElo "2391"]
[Black "ChessBritiania"]
[BlackElo "2083"]
[TimeControl "180+0"]
[Result "1-0"]

1. e4 Nc6 2. d4 Nf6 3. e5 Nd5 4. Nc3 Nxc3 5. bxc3 e6 6. Nf3 
d5 7. Rb1 Bd7 8. Rxb7 Rb8 9. Rxb8 Qxb8 10. N@h5 N@b2 11. Bxb2 Qxb2 
12. R@a8+ B@b8 13. Be2 Qxc3+ 14. P@d2 R@a1 15. dxc3 Rxd1+ 16. Bxd1 P@b2 17. R@b3 
Ba3 18. Raxb8+ Nxb8 19. Rxb8+ R@c8 20. N@f6+ gxf6 21. Rxc8+ Bxc8 22. Nxf6+ Kd8 
23. N@c6# 
{ChessBritiania checkmated} 1-0

[Event "fics rated crazyhouse match"]
[Site "fics, Oklahoma City, OK USA"]
[Date "2000.01.13"]
[White "ChessBritiania"]
[WhiteElo "2081"]
[Black "LSS"]
[BlackElo "2393"]
[TimeControl "180+0"]
[Result "0-1"]

1. e4 e6 2. Nc3 d5 3. Nf3 d4 4. Ne2 Nc6 5. Ng3 Nf6 6. Bb5 
Be7 7. e5 Ng4 8. O-O O-O 9. Bxc6 bxc6 10. N@h5 f6 11. exf6 Nxf6 
12. d3 Nxh5 13. P@h6 Nxg3 14. fxg3 B@e3+ 15. Bxe3 dxe3 16. hxg7 P@f2+ 17. Kh1 
Kxg7 18. N@h5+ Kg8 19. P@g7 Rf7 20. Ne5 B@d5 21. Nxf7 Bxg2+ 22. Kxg2 P@h3+ 
23. Kxh3 e5+ 24. g4 N@g1+ 25. Rxg1 fxg1=N+ 26. Qxg1 R@h4+ 27. Kg2 Rxg4+ 28. R@g3 
Rxg3+ 29. hxg3 P@h3+ 30. Kh2 N@f3+ 31. Kh1 P@g2+ 32. Qxg2 hxg2+ 33. Kxg2 Q@f2+ 
34. Kh1 Qh2# 
{ChessBritiania checkmated} 0-1

[Event "fics rated crazyhouse match"]
[Site "fics, Oklahoma City, OK USA"]
[Date "2000.01.13"]
[White "LSS"]
[WhiteElo "2395"]
[Black "ChessBritiania"]
[BlackElo "2079"]
[TimeControl "180+0"]
[Result "1-0"]

1. e4 Nc6 2. Nf3 Nf6 3. Ng5 e5 4. Bc4 d5 5. exd5 Nxd5 6. Nxf7 
Kxf7 7. Qf3+ N@f6 8. Bxd5+ Qxd5 9. Qxd5+ Nxd5 10. N@g5+ Kg6 11. Q@f7+ Kxg5 
12. h4+ Kg4 13. P@f3# 
{ChessBritiania checkmated} 1-0

[Event "fics rated crazyhouse match"]
[Site "fics, Oklahoma City, OK USA"]
[Date "2000.01.13"]
[White "ChessBritiania"]
[WhiteElo "2077"]
[Black "LSS"]
[BlackElo "2397"]
[TimeControl "180+0"]
[Result "0-1"]

1. e4 e6 2. Nf3 Nc6 3. Nc3 Nf6 4. Bb5 Bb4 5. O-O Bxc3 6. dxc3 
Nxe4 7. Bxc6 bxc6 8. Bf4 Ba6 9. B@d3 Bxd3 10. cxd3 Nf6 11. B@e5 N@d5 
12. c4 Nxf4 13. Bxf4 B@g4 14. N@e5 B@h5 15. Nxg4 Bxg4 16. B@e5 P@d6 17. Bxf6 
Qxf6 18. Bg5 Qxf3 19. Qxf3 B@d8 20. Bxd8 Rxd8 21. Qxg4 B@g6 22. B@h4 f6 
23. Bxf6 gxf6 24. N@g7+ Kf7 25. Nxe6 dxe6 26. Qxe6+ Kxe6 27. N@f4+ Kf7 28. B@e6+ 
Kg7 29. Q@g3 N@g5 30. Rae1 B@e5 31. Rxe5 dxe5 32. Nxg6 N@e2+ 33. Kh1 Nxg3+ 
34. fxg3 hxg6 35. Bg4 B@d4 36. N@f3 Nxf3 37. gxf3 R@g1+ 38. Rxg1 N@f2+ 39. Kg2 
N@e3+ 40. Kxf2 Nxg4+ 41. Ke1 Q@f2+ 42. Kd1 Q@d2# 
{ChessBritiania checkmated} 0-1

[Event "fics rated crazyhouse match"]
[Site "fics, Oklahoma City, OK USA"]
[Date "2000.01.13"]
[White "LSS"]
[WhiteElo "2399"]
[Black "ChessBritiania"]
[BlackElo "2075"]
[TimeControl "180+0"]
[Result "1-0"]

1. e4 e6 2. d4 Nc6 3. Nf3 d6 4. Nc3 Be7 5. Bb5 Nf6 6. d5 
Bd7 7. dxc6 bxc6 8. Bd3 Rc8 9. e5 dxe5 10. Nxe5 O-O 11. P@h6 P@d6 
12. hxg7 dxe5 13. gxf8=Q+ Bxf8 14. P@g5 Nd5 15. Nxd5 exd5 16. N@f6+ Qxf6 17. gxf6 
N@f5 18. Bxf5 Bxf5 19. N@e7# 
{ChessBritiania resigns} 1-0

[Event "fics rated crazyhouse match"]
[Site "fics, Oklahoma City, OK USA"]
[Date "2000.01.13"]
[White "ChessBritiania"]
[WhiteElo "2073"]
[Black "LSS"]
[BlackElo "2401"]
[TimeControl "180+0"]
[Result "0-1"]

1. e4 e6 2. Nc3 d5 3. Nf3 d4 4. Ne2 Nc6 5. Ng3 Nf6 6. Bb5 
a6 7. Ba4 b5 8. Bb3 Be7 9. d3 Bb7 10. Bf4 O-O 11. O-O Re8 
12. e5 Nd5 13. Bxd5 exd5 14. N@h5 Bf8 15. Bg5 Qb8 16. Nf5 B@h8 17. N3xd4 
Nxd4 18. Nxd4 Rxe5 19. P@f4 Re8 20. Nf5 P@e6 21. N@e7+ Bxe7 22. Nxe7+ Kf8 
23. B@c6 f6 24. Bxb7 Rxe7 25. Bxa8 Qxa8 26. Nxf6 gxf6 27. Bh6+ B@g7 28. P@g5 
Bxh6 29. gxh6 N@f5 30. B@g5 fxg5 31. fxg5 B@e5 32. P@f6 Rf7 33. B@g7+ Nxg7 
34. hxg7+ Bxg7 35. fxg7+ Bxg7 36. B@h6 B@e5 37. Bxg7+ Bxg7 38. B@h6 B@h8 39. N@h5 
d4 40. Nxg7 Qxg2+ 41. Kxg2 N@f4+ 42. Kg3 P@h4+ 43. Kf3 B@g2+ 44. Kg4 N@e5+ 
45. Kxh4 N@g6+ 46. Kg3 P@h4# 
{ChessBritiania checkmated} 0-1

[Event "fics rated crazyhouse match"]
[Site "fics, Oklahoma City, OK USA"]
[Date "2000.01.13"]
[White "LSS"]
[WhiteElo "2403"]
[Black "ChessBritiania"]
[BlackElo "2071"]
[TimeControl "180+0"]
[Result "1-0"]

1. e4 Nc6 2. d4 Nf6 3. e5 Nd5 4. Nc3 Nxc3 5. bxc3 d6 6. exd6 
exd6 7. Nf3 Be7 8. Bd3 P@g4 9. Nd2 Bg5 10. N@h5 N@e6 11. Ne4 Rg8 
12. Bxg5 Nxg5 13. Qe2 B@e6 14. P@f6 Nxe4 15. Nxg7+ Kd7 16. Bxe4 Rxg7 17. fxg7 
N@f4 18. N@f8+ Ke8 19. g8=Q N@f6 20. Bxc6+ bxc6 21. N@g7+ Ke7 22. Nf5+ Ke8 
23. Ng6+ Nxg8 24. R@f8+ Kd7 25. Rxd8+ Kxd8 26. Q@f8+ R@e8 27. Qxe8+ Kxe8 28. R@f8+ 
Kd7 29. B@e8+ Kd8 30. Bxc6+ B@e8 31. Rxe8# 
{ChessBritiania checkmated} 1-0

[Event "fics rated crazyhouse match"]
[Site "fics, Oklahoma City, OK USA"]
[Date "2000.01.13"]
[White "ChessBritiania"]
[WhiteElo "2069"]
[Black "LSS"]
[BlackElo "2405"]
[TimeControl "180+0"]
[Result "1-0"]

1. e4 e6 2. Nc3 d5 3. Nf3 d4 4. Nxd4 Qxd4 5. P@e3 Qd8 6. d4 
Nf6 7. Bd3 Be7 8. Bd2 Nbd7 9. O-O Nf8 10. e5 Nd5 11. Nxd5 exd5 
12. N@h5 Ne6 13. f4 g6 14. f5 gxh5 15. fxe6 Bxe6 16. N@g7+ Kd7 17. Nxe6 
fxe6 18. B@f7 N@g5 19. e4 Nxf7 20. Rxf7 B@g6 21. exd5 Bxf7 22. dxe6+ Bxe6 
23. P@f5 Bd5 24. e6+ Kc8 25. P@d7+ Kb8 26. N@f4 Bxg2 27. Kxg2 N@h4+ 28. Kf2 
N@g4+ 29. Qxg4 hxg4 30. B@e4 R@f3+ 31. Bxf3 gxf3 32. R@c8+ Qxc8 33. dxc8=Q+ Kxc8 
34. Q@d7+ Kb8 35. Qxe7 N@h3+ 36. Nxh3 Q@g2+ 37. Ke3 R@e2+ 38. Bxe2 Qxe2+ 39. Kf4 
B@h6+ 40. B@g5 Ng2+ 41. Kg4 f2+ 42. N@f3 Qe4+ 43. N@f4 P@h5+ 44. Kxh5 P@g6+ 
45. fxg6 hxg6+ 46. Nxg6 Bxg5+ 47. P@h7 Bxe7 48. R@g8+ Rxg8 49. hxg8=Q# 
{LSS forfeits on time} 1-0

[Event "fics rated crazyhouse match"]
[Site "fics, Oklahoma City, OK USA"]
[Date "2000.01.13"]
[White "LSS"]
[WhiteElo "2395"]
[Black "FriBad"]
[BlackElo "2240"]
[TimeControl "180+0"]
[Result "0-1"]

1. e4 e6 2. d4 Nc6 3. Nf3 Nf6 4. Bd3 Be7 5. O-O O-O 6. c4 
d5 7. cxd5 exd5 8. e5 P@e4 9. exf6 Bxf6 10. N@h5 exf3 11. Nxf6+ Qxf6 
12. B@g5 fxg2 13. Bxf6 N@h3+ 14. Kxg2 P@g4 15. Bxg7 P@f3+ 16. Kg3 N@h5+ 17. Kh4 
Nxg7 18. P@h6 B@d8+ 19. P@g5 Nxg5 20. Q@h8+ Kxh8 21. hxg7+ Kxg7 22. N@h5+ Kg8 
23. Qxf3 gxf3 24. Bxg5 Bxg5+ 25. Kxg5 P@h6+ 26. Kf4 Q@g5+ 27. Kxf3 Q@g4# 
{LSS checkmated} 0-1

[Event "fics rated crazyhouse match"]
[Site "fics, Oklahoma City, OK USA"]
[Date "2000.01.13"]
[White "fisherman"]
[WhiteElo "2216"]
[Black "BiteMyBishops"]
[BlackElo "2220"]
[TimeControl "60+0"]
[Result "1-0"]

1. d4 f6 2. e4 e6 3. Nf3 Be7 4. Nc3 Nc6 5. Bd3 d5 6. O-O 
dxe4 7. Bxe4 f5 8. Bxc6+ bxc6 9. P@f7+ Kxf7 10. Ne5+ Ke8 11. Nxc6 Qd6 
12. Nxe7 Nxe7 13. P@e5 Qd7 14. N@c5 Qc6 15. B@b5 Bb7 16. Nxb7 P@h3 17. Bxc6+ 
Nxc6 18. gxh3 P@g2 19. Kxg2 N@h4+ 20. Kg1 B@f3 21. B@h5+ g6 22. Bxf3 Nxd4 
23. P@d7+ Kf7 24. Q@f6+ Kg8 25. P@f7+ Kf8 26. Bh6# 
{BiteMyBishops resigns} 1-0

[Event "fics rated crazyhouse match"]
[Site "fics, Oklahoma City, OK USA"]
[Date "2000.01.13"]
[White "fisherman"]
[WhiteElo "2214"]
[Black "BiteMyBishops"]
[BlackElo "2221"]
[TimeControl "60+0"]
[Result "0-1"]

1. e4 e5 2. Nc3 Nf6 3. Nf3 Nc6 4. Bc4 Nxe4 5. Bxf7+ Kxf7 6. Nxe4 
Be7 7. d4 Rf8 8. d5 Kg8 9. dxc6 dxc6 10. P@h6 Qxd1+ 11. Kxd1 Bg4 
12. hxg7 Rad8+ 13. P@d3 Rxf3 14. Q@h8+ Kf7 15. N@g5+ Bxg5 16. Nxg5+ Kg6 17. Qxh7+ 
Kf6 18. N@e4+ Ke7 19. g8=Q+ P@f7 20. Qgxf7+ Rxf7+ 21. f3 Rxh7 22. B@f6+ Kd7 
23. Bxd8 Kxd8 24. R@f8+ B@e8 25. P@f6 N@f5 26. P@e7+ Kd7 
{fisherman forfeits on time} 0-1

[Event "fics rated crazyhouse match"]
[Site "fics, Oklahoma City, OK USA"]
[Date "2000.01.13"]
[White "TheSnowman"]
[WhiteElo "2163"]
[Black "LSS"]
[BlackElo "2395"]
[TimeControl "180+0"]
[Result "0-1"]

1. e4 e6 2. d4 d5 3. e5 c5 4. dxc5 Bxc5 5. P@d4 Bf8 6. Nc3 
Nc6 7. Bf4 Nge7 8. Nb5 Ng6 9. Be3 a6 10. Nc3 Bb4 11. Nf3 P@a3 
12. Bc1 axb2 13. Bxb2 P@a3 14. Bxa3 Bxc3+ 15. P@d2 Bxd4 16. Nxd4 Nxd4 17. P@e3 
Nc6 18. Rb1 Ngxe5 19. d4 Ng6 20. B@a4 N@c3 21. Bxc6+ bxc6 22. Qc1 B@a5 
23. Bb4 Nxb1 24. Qxb1 Bxb4+ 25. Qxb4 B@a5 26. N@d6+ Qxd6 27. Qxa5 R@b1+ 28. N@d1 
N@b2 29. Be2 Nh4 30. O-O Nxd1 31. Bxd1 O-O 32. B@c5 N@f3+ 33. gxf3 N@h3+ 
34. Kh1 P@g2# 
{TheSnowman checkmated} 0-1

[Event "fics rated crazyhouse match"]
[Site "fics, Oklahoma City, OK USA"]
[Date "2000.01.13"]
[White "LSS"]
[WhiteElo "2398"]
[Black "TheSnowman"]
[BlackElo "2160"]
[TimeControl "180+0"]
[Result "1-0"]

1. e4 e6 2. d4 Nc6 3. Nf3 d5 4. exd5 exd5 5. Bb5 Bg4 6. Nc3 
Be7 7. P@a6 P@e4 8. axb7 exf3 9. Bxc6+ Kf8 10. gxf3 Rb8 11. fxg4 Nf6 
12. B@g2 N@b4 13. P@b5 a6 14. P@h6 gxh6 15. Bxh6+ P@g7 16. Bxg7+ Kxg7 17. N@f5+ 
Kg8 18. P@g7 axb5 19. gxh8=R# 
{TheSnowman resigns} 1-0

[Event "fics rated crazyhouse match"]
[Site "fics, Oklahoma City, OK USA"]
[Date "2000.01.13"]
[White "TheSnowman"]
[WhiteElo "2157"]
[Black "LSS"]
[BlackElo "2401"]
[TimeControl "180+0"]
[Result "0-1"]

1. e4 e6 2. d4 d5 3. exd5 exd5 4. Nf3 Nf6 5. Nc3 Bb4 6. Bd2 
Nc6 7. Bb5 Qe7+ 8. P@e5 Bxc3 9. bxc3 Ne4 10. B@g3 P@h3 11. gxh3 N@g2+ 
12. Ke2 Bxh3 13. P@d3 Nxg3+ 14. hxg3 B@g4 15. N@h2 P@e4 16. Nxg4 Bxg4 17. Bxc6+ 
bxc6 18. N@h2 exf3+ 19. Nxf3 Bxf3+ 20. Kxf3 N@h4+ 21. gxh4 Nxh4+ 22. Rxh4 Qxh4 
23. P@d7+ Kf8 24. Bf4 B@g4+ 25. Ke3 N@f5+ 26. Kd2 Qxf2+ 27. N@e2 P@e3+ 28. Kc1 
Bxe2 29. B@b4+ P@e7 30. Bxe3 Qxe3+ 31. B@d2 B@b2+ 32. Kxb2 N@a4+ 33. Kb3 Bxd1 
34. P@b2 Qxd2 35. Rxd1 Qxd1 36. B@a3 N@a1+ 37. Kxa4 Q@b5# 
{TheSnowman checkmated} 0-1

[Event "fics rated crazyhouse match"]
[Site "fics, Oklahoma City, OK USA"]
[Date "2000.01.13"]
[White "LSS"]
[WhiteElo "2404"]
[Black "TheSnowman"]
[BlackElo "2154"]
[TimeControl "180+0"]
[Result "0-1"]

1. e4 Nf6 2. e5 Nd5 3. Nc3 e6 4. Nxd5 exd5 5. d4 d6 6. Nf3 
Nc6 7. Bb5 Bd7 8. exd6 cxd6 9. Qe2+ P@e4 10. Bxc6 bxc6 11. N@h5 B@g4 
12. N@f6+ gxf6 13. P@g7 Bxh5 14. gxh8=Q Qe7 15. Bh6 N@g6 16. Qxh7 exf3 17. Qxe7+ 
Nxe7 18. R@e3 fxg2 19. Rxe7+ Kxe7 20. Bxf8+ Rxf8 21. Q@e3+ P@e4 22. Rg1 N@f3+ 
23. Qxf3 exf3 24. B@d3 R@e2+ 25. Bxe2 fxe2 26. R@e3+ B@e4 27. Qxh5 B@b4+ 28. P@c3 
Q@f1+ 29. Rxf1 gxf1=Q+ 30. Kd2 N@c4# 
{LSS checkmated} 0-1

[Event "fics rated crazyhouse match"]
[Site "fics, Oklahoma City, OK USA"]
[Date "2000.01.13"]
[White "TheSnowman"]
[WhiteElo "2167"]
[Black "LSS"]
[BlackElo "2391"]
[TimeControl "180+0"]
[Result "0-1"]

1. e4 e6 2. d4 d5 3. exd5 exd5 4. Nc3 Bb4 5. Bd2 Nc6 6. Nf3 
Qe7+ 7. P@e5 Bxc3 8. bxc3 N@e4 9. B@g3 f6 10. Bb5 Nxd2 11. Qxd2 B@e4 
12. O-O Bxf3 13. gxf3 P@e4 14. B@g2 exf3 15. Bxf3 P@e4 16. Bg2 N@f3+ 17. Bxf3 
exf3 18. exf6 Nxf6 19. Rfe1 P@e4 20. N@e5 O-O 21. Nxf3 exf3 22. Rxe7 Nxe7 
23. Bf1 B@h3 24. N@f4 Bxf1 25. Kxf1 R@h1+ 26. B@g1 B@h3+ 27. P@g2 Ne4 28. Q@d3 
Nxd2+ 29. Qxd2 fxg2+ 30. Nxg2 P@f3 31. N@f4 Rxf4 
{TheSnowman resigns} 0-1

[Event "fics rated crazyhouse match"]
[Site "fics, Oklahoma City, OK USA"]
[Date "2000.01.13"]
[White "LSS"]
[WhiteElo "2395"]
[Black "BiteMyBishops"]
[BlackElo "2274"]
[TimeControl "180+0"]
[Result "1-0"]

1. e4 e6 2. d4 d5 3. e5 c5 4. dxc5 Bxc5 5. Nf3 Ne7 6. Be2 
O-O 7. O-O Ng6 8. Bg5 Be7 9. P@f6 gxf6 10. exf6 Bxf6 11. Bxf6 Qxf6 
12. Nc3 P@g7 13. B@g5 Qf5 14. P@h5 Ne5 15. Nxe5 Qxe5 16. N@e7+ Kh8 17. Nxc8 
Qxg5 18. Nd6 Qxg2+ 19. Kxg2 N@h4+ 20. Kh3 B@g2+ 21. Kxh4 P@f4 22. B@g5 P@f6 
23. Bxf4 P@g5+ 24. Kg3 B@h3 25. Bc1 Nc6 26. h6 gxh6 27. P@g7+ Kg8 28. Q@h8# 
{BiteMyBishops checkmated} 1-0

[Event "fics rated crazyhouse match"]
[Site "fics, Oklahoma City, OK USA"]
[Date "2000.01.13"]
[White "Mooner"]
[WhiteElo "2145"]
[Black "LSS"]
[BlackElo "2401"]
[TimeControl "180+0"]
[Result "0-1"]

1. e4 e6 2. Nc3 d5 3. exd5 exd5 4. d4 Nf6 5. Nf3 Bb4 6. Bb5+ 
Bd7 7. Bxd7+ Nbxd7 8. B@b5 Qe7+ 9. P@e5 Ne4 10. Bxd7+ Qxd7 11. O-O Bxc3 
12. bxc3 Nxc3 13. Qe1 P@e2 14. N@c5 exf1=Q+ 15. Qxf1 P@e2 16. Qxe2 Nxe2+ 17. Kh1 
Q@f1+ 18. B@g1 Qxg2+ 19. Kxg2 B@h3# 
{Mooner resigns} 0-1

[Event "fics rated crazyhouse match"]
[Site "fics, Oklahoma City, OK USA"]
[Date "2000.01.13"]
[White "LSS"]
[WhiteElo "2404"]
[Black "Mooner"]
[BlackElo "2142"]
[TimeControl "180+0"]
[Result "1-0"]

1. e4 e6 2. d4 Nc6 3. Nf3 Bb4+ 4. c3 Be7 5. Bd3 Nf6 6. O-O 
d6 7. Re1 e5 8. d5 Nb8 9. Nbd2 Nbd7 10. Nf1 Nc5 11. Bc2 Bg4 
12. h3 Bh5 13. Ng3 Bg6 14. b4 Ncd7 15. Bg5 O-O 16. a4 c6 17. Bxf6 
Nxf6 18. N@f5 B@d7 19. Nxe7+ Qxe7 20. dxc6 bxc6 21. P@f5 Bh5 22. B@g5 Bxf3 
23. Qxf3 P@f4 24. Bxf6 Qxf6 25. Nh5 Qg5 26. Qg4 B@h6 27. Qxg5 Bxg5 28. N@f3 
Bh6 29. f6 g6 30. B@g5 Bxg5 31. Q@g7# 
{Mooner checkmated} 1-0